Map: Dash and Terminal LE (Void)

Players

Nobody - Winner!

  • Race: Zerg Zerg
  • League: Silver

SticklerMac

  • Race: Zerg Zerg
  • League: Silver

VOD

Have the link to the VOD?

Description

Time

  • Played on: Aug. 30, 2015, 8:03 p.m.
  • Length: 12:04
Show
View Real Time Build Order
Export as new Build Order

Nobody Zerg - Winner!

Build Orders: Pool First 

Get SALT Encoding   

  12  0:02  Drone  
  13  0:12  Overlord  
  13  0:17  Drone  
  14  0:31  Drone x2  
  16  0:35  Drone  
  16  0:38  Extractor  
  16  0:45  Drone  
  17  0:56  Drone  
  18  1:03  Spawning Pool  
  17  1:07  Drone  
  18  1:27  Hatchery  
  18  1:28  Drone  
  18  1:31  Drone  
  19  1:41  Overlord  
  19  1:51  Queen  
  21  2:03  Zergling x4  
  23  2:11  Drone  
  24  2:15  Metabolic Boost  
  23  2:24  Baneling Nest  
  23  2:27  Queen  
  24  2:34  Drone  
  24  2:35  Drone  
  26  2:43  Zergling x2  
  27  2:46  Zergling x2  
  28  2:55  Drone x2  
  28  2:56  Queen  
  32  2:59  Zergling x4  
  34  3:08  Baneling x2  
  34  3:16  Zergling x4  
  36  3:22  Overlord  
  36  3:28  Spine Crawler  
  33  3:43  Drone  
  33  3:44  Drone x6  
  39  3:55  Drone x2  
  40  4:01  Lair  
  41  4:04  Drone x2, Extractor  
  41  4:05  Drone  
  43  4:21  Extractor  
  43  4:23  Drone  
  43  4:28  Spine Crawler  
  43  4:29  Overlord  
  42  4:37  Baneling x2  
  42  4:43  Drone  
  43  4:48  Drone x2  
  43  4:49  Drone x5  
  43  4:52  Overlord  
  50  5:02  Spine Crawler  
  50  5:05  Overseer  
  50  5:06  Spire  
  48  5:09  Drone x3  
  48  5:11  Evolution Chamber, Extractor  
  48  5:13  Evolution Chamber  
  48  5:21  Drone x2  
  48  5:22  Drone, Overlord  
  51  5:29  Drone  
  52  5:41  Drone x3  
  52  5:42  Overlord  
  55  5:44  Zerg Melee Weapons Level 1  
  55  5:45  Zerg Ground Armor Level 1  
  55  5:47  Zergling x6  
  58  6:05  Zergling x2  
  58  6:06  Zergling x4  
  61  6:17  Overlord  
  61  6:18  Hatchery, Mutalisk x2  
  61  6:19  Mutalisk x2  
  68  6:27  Zerg Flyer Weapons Level 1  
  68  6:43  Mutalisk  
  70  6:48  Overseer  
  71  6:54  Zergling x8  
  71  6:55  Zergling x6  
  71  6:59  Mutalisk  
  79  7:05  Drone  
  80  7:12  Extractor  
  80  7:13  Extractor  
  78  7:18  Mutalisk x2  
  78  7:22  Zergling x2  
  83  7:24  Overlord x3  
  83  7:40  Zergling x8  
  83  7:43  Overlord x2  
  87  7:57  Mutalisk x4  
  92  8:13  Mutalisk x2  
  92  8:20  Drone  
  92  8:21  Drone x5  
  92  8:22  Drone x3  
  92  8:26  Zerg Flyer Armor Level 1  
  101  8:30  Drone x4  
  101  8:31  Drone  
  106  8:34  Hatchery  
  106  8:38  Drone x3  
  108  8:43  Zerg Melee Weapons Level 2  
  108  8:51  Zergling x2  
  108  8:52  Zergling x12  
  115  9:03  Mutalisk x2  
  115  9:06  Baneling x2  
  119  9:22  Mutalisk  
  121  9:25  Overlord x4  
  93  10:00  Mutalisk x3  
  93  10:01  Mutalisk x4  
  93  10:05  Zergling x2  
  93  10:06  Zergling x18  
  117  10:11  Drone  
  117  10:12  Queen  
  117  10:13  Overlord  
  120  10:30  Hatchery  
  115  10:46  Mutalisk x4  
  111  11:01  Drone  
  111  11:02  Drone x13  
  123  11:10  Drone x4  
  123  11:11  Drone  
  128  11:12  Infestation Pit  
  127  11:26  Mutalisk x6  
  127  11:30  Drone x2  
  127  11:31  Drone x4  
  145  11:38  Overlord x2  
Show
View Real Time Build Order
Export as new Build Order

SticklerMac Zerg 

Build Orders: Pool First, Zergling Baneling 

Get SALT Encoding   

  12  0:01  Drone  
  13  0:13  Drone  
  14  0:17  Drone, Extractor  
  14  0:35  Spawning Pool  
  14  0:38  Drone  
  14  0:48  Overlord  
  14  1:06  Drone x3  
  17  1:18  Drone  
  18  1:22  Metabolic Boost  
  18  1:31  Queen  
  20  1:39  Overlord  
  20  1:43  Zergling x2  
  21  1:52  Zergling x2  
  22  2:08  Zergling x2  
  23  2:14  Baneling Nest  
  22  2:15  Zergling x2  
  23  2:24  Zergling x2  
  24  2:33  Zergling x2  
  25  2:39  Zergling x4  
  25  2:42  Hatchery  
  26  2:46  Zergling x2  
  27  2:54  Zergling x2  
  28  3:05  Zergling x2  
  29  3:12  Zergling x2  
  30  3:21  Overlord x2  
  23  3:49  Zergling x2  
  23  3:50  Zergling x6  
  23  3:54  Queen  
  23  3:55  Zergling x2  
  29  3:59  Zergling x2  
  30  4:10  Zergling x4  
  30  4:14  Drone x2  
  30  4:15  Drone  
  35  4:21  Baneling x3  
  35  4:22  Baneling x6  
  35  4:23  Baneling x2  
  35  4:36  Zergling x6  
  38  4:41  Drone x2  
  40  4:55  Drone  
  40  4:58  Drone x3  
  44  5:11  Overlord x2  
  44  5:30  Overlord  
  44  5:31  Overlord  
  44  5:32  Overlord  
  44  5:46  Hatchery  
  43  5:50  Drone x4  
  43  5:51  Drone x2  
  49  5:59  Lair  
  47  6:06  Zergling x2  
  47  6:10  Drone x3  
  51  6:12  Drone  
  51  6:13  Drone  
  51  6:14  Drone  
  54  6:21  Drone  
  54  6:22  Overlord, Drone  
  56  6:27  Extractor  
  56  6:32  Drone x2, Extractor x2  
  55  6:47  Zergling x8  
  58  6:56  Drone x2  
  58  6:58  Drone x2  
  58  7:00  Drone  
  63  7:02  Drone  
  64  7:12  Spore Crawler  
  64  7:15  Spore Crawler x2  
  61  7:16  Spore Crawler  
  61  7:17  Spore Crawler  
  61  7:19  Spore Crawler x2  
  61  7:20  Drone  
  61  7:21  Drone x6  
  64  7:26  Spore Crawler  
  63  7:31  Drone  
  63  7:32  Drone x2  
  63  7:33  Drone  
  66  7:46  Spore Crawler  
  66  7:48  Drone x5, Spore Crawler  
  64  8:15  Zergling x12  
  64  8:16  Zergling x2  
  68  8:22  Baneling x4  
  68  8:23  Baneling x2  
  68  8:30  Zergling x8  
  72  8:38  Spire  
  71  8:46  Spore Crawler  
  70  9:05  Spine Crawler  
  70  9:09  Spine Crawler  
  68  9:13  Spine Crawler  
  68  9:16  Spine Crawler  
  66  9:22  Spine Crawler  
  65  9:28  Zergling x2  
  48  10:00  Mutalisk  
  48  10:01  Mutalisk x11  
  71  10:17  Spore Crawler  
  71  10:19  Spore Crawler  
  69  10:22  Spore Crawler  
  69  10:23  Spore Crawler  
  69  10:24  Overlord x4  
  69  10:27  Overlord x2  
  60  10:49  Zergling x12  
  59  11:06  Spore Crawler  
  59  11:09  Spore Crawler  
  57  11:11  Spore Crawler, Mutalisk  
  57  11:12  Mutalisk x2  
  62  11:19  Mutalisk  
  62  11:22  Zergling x2  
  62  11:24  Zergling x2  
  66  11:30  Mutalisk  
Tags
 
Add a new tag
Caveats
  • Supply blocks, unpowered buildings, or Contaminate may cause inaccurate times.
  • Supply counts are checked every 10 seconds.